TOP OF THE 1ST |
Los Angeles (NYP) Angels batting - Pitching for Minnesota (NYP) Twins : RHP Tom Winsor
|
Pitching: RHP Tom Winsor
|
|
Batting: RHB Ricky Mejicanos
|
0-0: Ball 1-0: Swinging Strike 1-1: Ball 2-1: Ball 3-1: Base on Balls
|
Batting: RHB Edward Hillock
|
0-0: Foul Ball, location: 2F 0-1: Ball 1-1: Foul Ball, location: 2F 1-2: Foul Ball, location: 2F 1-2: Foul Ball, location: 2F 1-2: Foul Ball, location: 2F 1-2: TRIPLE (Flyball, 78XD, EV 108.1 MPH) Ricky Mejicanos scores
|
Batting: LHB Jonathon Walton
|
0-0: Ball 1-0: Foul Ball, location: 2F 1-1: Swinging Strike 1-2: Strikes out swinging
|
Batting: LHB Jamie Diebel
|
0-0: Foul Ball, location: 2F 0-1: Ball 1-1: Ball 2-1: Ball Wild Pitch! Edward Hillock scores 3-1: Called Strike 3-2: Base on Balls
|
Batting: RHB Kinya Nishimura
|
0-0: Ball 1-0: Foul Ball, location: 7LSF, Error on foul ball, E7 1-1: Called Strike 1-2: Strikes out looking
|
Batting: RHB Wilford Harper
|
0-0: Fly out, F2 (Popup, 3SF, EV 84.4 MPH)
|
Top of the 1st over - 2 runs, 1 hit, 1 error, 1 left on base; Los Angeles (NYP) 2 - Minnesota (NYP) 0 |
BOTTOM OF THE 1ST |
Minnesota (NYP) Twins batting - Pitching for Los Angeles (NYP) Angels : RHP Kunihiro Sasaki
|
Pitching: RHP Kunihiro Sasaki
|
|
Batting: SHB Matt Urbani
|
0-0: Foul Ball, location: 2F 0-1: Fly out, F7 (Line Drive, 78D, EV 95.0 MPH)
|
Batting: RHB Michael McDonald
|
0-0: Ball 1-0: Ball 2-0: Called Strike 2-1: Called Strike 2-2: Foul Ball, location: 2F 2-2: Ground out 6-3 (Groundball, 6, EV 80.6 MPH)
|
Batting: LHB Kuemon Shishido
|
0-0: Foul Ball, location: 2F 0-1: Ball 1-1: Called Strike 1-2: Strikes out swinging
|
Bottom of the 1st over - 0 runs, 0 hits, 0 errors, 0 left on base; Los Angeles (NYP) 2 - Minnesota (NYP) 0 |
TOP OF THE 2ND |
Los Angeles (NYP) Angels batting - Pitching for Minnesota (NYP) Twins : RHP Tom Winsor
|
Batting: RHB Dean LeCroy
|
0-0: Fly out, F7 (Line Drive, 7LM, EV 100.6 MPH)
|
Batting: RHB Jon Shonka
|
0-0: Fly out, F7 (Flyball, 7S, EV 86.2 MPH)
|
Batting: SHB Adrian Orosco
|
0-0: Ground out 4-3 (Groundball, 4M, EV 92.5 MPH)
|
Top of the 2nd over - 0 runs, 0 hits, 0 errors, 0 left on base; Los Angeles (NYP) 2 - Minnesota (NYP) 0 |
BOTTOM OF THE 2ND |
Minnesota (NYP) Twins batting - Pitching for Los Angeles (NYP) Angels : RHP Kunihiro Sasaki
|
Batting: LHB Jayden Thomas
|
0-0: Called Strike 0-1: Ball 1-1: Swinging Strike 1-2: Ground out 4-3 (Groundball, 4, EV 85.0 MPH)
|
Batting: RHB Israel Gaona
|
0-0: Called Strike 0-1: Ball 1-1: Ball 2-1: Ball 3-1: Base on Balls
|
Batting: SHB Manny Molina
|
0-0: Ball Israel Gaona steals 2nd base 1-0: Ball Israel Gaona steals 3rd base 2-0: Ball Wild Pitch! Israel Gaona scores 3-0: Base on Balls
|
Batting: RHB Nick Phipps
|
0-0: Called Strike Manny Molina steals 2nd base 0-1: Ball 1-1: Ball 2-1: Ground out 5-3 (Groundball, 56, EV 101.2 MPH)
|
Batting: RHB Ryan Starks
|
0-0: Ball 1-0: Ground out 3-1 (Groundball, 34, EV 87.5 MPH)
|
Bottom of the 2nd over - 1 run, 0 hits, 0 errors, 1 left on base; Los Angeles (NYP) 2 - Minnesota (NYP) 1 |
TOP OF THE 3RD |
Los Angeles (NYP) Angels batting - Pitching for Minnesota (NYP) Twins : RHP Tom Winsor
|
Batting: RHB Ricky Mejicanos
|
0-0: Ball 1-0: Foul Ball, location: 2F 1-1: Swinging Strike 1-2: Ball 2-2: Strikes out swinging
|
Batting: RHB Edward Hillock
|
0-0: Called Strike 0-1: SINGLE (Groundball, 6, EV 97.5 MPH)
|
Batting: LHB Jonathon Walton
|
0-0: Ball Edward Hillock steals 2nd base 1-0: Swinging Strike 1-1: Ball 2-1: Foul Ball, location: 2F 2-2: Ball 3-2: DOUBLE (Flyball, 7LD, EV 97.5 MPH) Edward Hillock scores
|
Batting: LHB Jamie Diebel
|
0-0: Foul Ball, location: 2F 0-1: Foul Ball, location: 2F 0-2: Foul Ball, location: 2F 0-2: Ball 1-2: DOUBLE (Groundball, 5L, EV 105.6 MPH) Jonathon Walton scores
|
Batting: RHB Kinya Nishimura
|
0-0: SINGLE (Groundball, 56, EV 96.9 MPH) Jamie Diebel to third Runner from 3rd tries for Home, SAFE, throw by LF to home
|
Batting: RHB Wilford Harper
|
0-0: Foul Ball, location: 2F 0-1: Foul Ball, location: 2F 0-2: Strikes out swinging
|
Batting: RHB Dean LeCroy
|
0-0: Ball 1-0: Called Strike Kinya Nishimura is caught stealing 2nd base 2-4
|
Top of the 3rd over - 3 runs, 4 hits, 0 errors, 0 left on base; Los Angeles (NYP) 5 - Minnesota (NYP) 1 |
BOTTOM OF THE 3RD |
Minnesota (NYP) Twins batting - Pitching for Los Angeles (NYP) Angels : RHP Kunihiro Sasaki
|
Batting: LHB Antonio Gutierrez
|
0-0: Called Strike 0-1: Ball 1-1: Ball 2-1: Ball 3-1: Foul Ball, location: 2F 3-2: Foul Ball, location: 2F 3-2: DOUBLE (Groundball, 3L, EV 102.5 MPH)
|
Batting: SHB Matt Urbani
|
0-0: Ball Antonio Gutierrez steals 3rd base 1-0: Ball 2-0: Ball 3-0: Base on Balls
|
Batting: RHB Michael McDonald
|
0-0: Ball 1-0: Ball Matt Urbani is caught stealing 2nd base 2-4 2-0: Called Strike 2-1: Swinging Strike 2-2: Foul Ball, location: 2F 2-2: Foul Ball, location: 2F 2-2: Foul Ball, location: 2F 2-2: Foul Ball, location: 2F 2-2: Ball 3-2: Base on Balls
|
Batting: LHB Kuemon Shishido
|
0-0: Ball 1-0: Called Strike 1-1: Ball 2-1: Foul Ball, location: 2F 2-2: 3-RUN HOME RUN (Flyball, 9D, EV 100.0 MPH), Distance : 379 ft
|
Batting: LHB Jayden Thomas
|
0-0: Called Strike 0-1: Called Strike 0-2: Strikes out looking
|
Batting: RHB Israel Gaona
|
0-0: Called Strike 0-1: Ball 1-1: Ground out 4-3 (Groundball, 4M, EV 108.8 MPH)
|
Bottom of the 3rd over - 3 runs, 2 hits, 0 errors, 0 left on base; Los Angeles (NYP) 5 - Minnesota (NYP) 4 |
TOP OF THE 4TH |
Los Angeles (NYP) Angels batting - Pitching for Minnesota (NYP) Twins : RHP Tom Winsor
|
Batting: RHB Dean LeCroy
|
0-0: Ball 1-0: Ball 2-0: Foul Ball, location: 2F 2-1: Fly out, F9 (Line Drive, 9LM, EV 97.5 MPH)
|
Batting: RHB Jon Shonka
|
0-0: Ground out 4-3 (Groundball, 4M, EV 85.6 MPH)
|
Batting: SHB Adrian Orosco
|
0-0: Ball 1-0: Fly out, F8 (Flyball, 89M, EV 88.8 MPH)
|
Top of the 4th over - 0 runs, 0 hits, 0 errors, 0 left on base; Los Angeles (NYP) 5 - Minnesota (NYP) 4 |
BOTTOM OF THE 4TH |
Minnesota (NYP) Twins batting - Pitching for Los Angeles (NYP) Angels : RHP Kunihiro Sasaki
|
Batting: SHB Manny Molina
|
0-0: Ball 1-0: Foul Ball, location: 2F 1-1: Ground out 6-3 (Groundball, 6, EV 93.1 MPH)
|
Batting: RHB Nick Phipps
|
0-0: Ball 1-0: Ball 2-0: Called Strike 2-1: Foul Ball, location: 2F 2-2: Ball 3-2: Foul Ball, location: 2F 3-2: Base on Balls
|
Batting: RHB Ryan Starks
|
0-0: Called Strike Nick Phipps steals 2nd base (no throw) 0-1: Called Strike 0-2: Ball 1-2: Ground out 5-3 (Groundball, 56, EV 101.9 MPH)
|
Pitching: RHP Tim Mumpower
|
|
Batting: LHB Antonio Gutierrez
|
0-0: Foul Ball, location: 2F 0-1: Ball 1-1: Ground out 4-3 (Groundball, 4, EV 84.4 MPH)
|
Bottom of the 4th over - 0 runs, 0 hits, 0 errors, 1 left on base; Los Angeles (NYP) 5 - Minnesota (NYP) 4 |
TOP OF THE 5TH |
Los Angeles (NYP) Angels batting - Pitching for Minnesota (NYP) Twins : RHP Tom Winsor
|
Batting: RHB Ricky Mejicanos
|
0-0: SOLO HOME RUN (Flyball, 7LD, EV 96.9 MPH), Distance : 387 ft
|
Pitching: RHP Pat Adams
|
|
Batting: RHB Edward Hillock
|
0-0: Ball 1-0: Swinging Strike 1-1: Ball 2-1: Fly out, F9 (Flyball, 9D, EV 90.6 MPH)
|
Batting: LHB Jonathon Walton
|
0-0: Called Strike 0-1: Ground out U3 (Groundball, 3S, EV 67.5 MPH)
|
Batting: LHB Jamie Diebel
|
0-0: Ball 1-0: Foul Ball, location: 2F 1-1: Ball 2-1: Ball 3-1: Base on Balls
|
Batting: RHB Kinya Nishimura
|
0-0: Ball 1-0: Ball 2-0: Called Strike 2-1: Foul Ball, location: 2F 2-2: Foul Ball, location: 2F 2-2: Strikes out swinging
|
Top of the 5th over - 1 run, 1 hit, 0 errors, 1 left on base; Los Angeles (NYP) 6 - Minnesota (NYP) 4 |
BOTTOM OF THE 5TH |
Minnesota (NYP) Twins batting - Pitching for Los Angeles (NYP) Angels : RHP Tim Mumpower
|
Batting: SHB Matt Urbani
|
0-0: Ball 1-0: Foul Ball, location: 2F 1-1: Swinging Strike 1-2: Foul Ball, location: 2F 1-2: Foul Ball, location: 2F 1-2: Fly out, F8 (Flyball, 78D, EV 87.5 MPH)
|
Batting: RHB Michael McDonald
|
0-0: Ball 1-0: Ball 2-0: Ball 3-0: Called Strike 3-1: Foul Ball, location: 2F 3-2: Foul Ball, location: 2F 3-2: Base on Balls
|
Batting: LHB Kuemon Shishido
|
0-0: Foul Ball, location: 2F 0-1: Called Strike 0-2: Ball 1-2: Ball 2-2: Ball 3-2: Base on Balls Michael McDonald to second
|
Batting: LHB Jayden Thomas
|
0-0: Ball 1-0: Grounds out, U3 (Groundball, 3L, EV 110.6 MPH) Michael McDonald to third
|
Batting: RHB Israel Gaona
|
0-0: Ground out 5-3 (Groundball, 56S, EV 84.4 MPH)
|
Bottom of the 5th over - 0 runs, 0 hits, 0 errors, 2 left on base; Los Angeles (NYP) 6 - Minnesota (NYP) 4 |
TOP OF THE 6TH |
Los Angeles (NYP) Angels batting - Pitching for Minnesota (NYP) Twins : RHP Pat Adams
|
Batting: RHB Wilford Harper
|
0-0: Called Strike 0-1: Foul Ball, location: 2F 0-2: Strikes out swinging
|
Batting: RHB Dean LeCroy
|
0-0: Foul Ball, location: 2F 0-1: Called Strike 0-2: Ball 1-2: Strikes out swinging
|
Batting: RHB Jon Shonka
|
0-0: Ball 1-0: SINGLE (Groundball, 4MD, EV 110.6 MPH)
|
Batting: SHB Adrian Orosco
|
0-0: Ball Jon Shonka steals 2nd base 1-0: Ball 2-0: DOUBLE (Flyball, 89D, EV 89.4 MPH) Jon Shonka scores
|
Batting: RHB Ricky Mejicanos
|
0-0: Ball 1-0: Swinging Strike 1-1: Fly out, F9 (Flyball, 89D, EV 106.9 MPH)
|
Top of the 6th over - 1 run, 2 hits, 0 errors, 1 left on base; Los Angeles (NYP) 7 - Minnesota (NYP) 4 |
BOTTOM OF THE 6TH |
Minnesota (NYP) Twins batting - Pitching for Los Angeles (NYP) Angels : RHP Tim Mumpower
|
Batting: SHB Manny Molina
|
0-0: Ball 1-0: Ball 2-0: Called Strike 2-1: Swinging Strike 2-2: Foul Ball, location: 2F 2-2: Strikes out looking
|
Batting: RHB Nick Phipps
|
0-0: Foul Ball, location: 2F 0-1: Ball 1-1: Swinging Strike 1-2: Foul Ball, location: 2F 1-2: Ball 2-2: Ball 3-2: Hit by Pitch
|
Batting: RHB Ryan Starks
|
0-0: Called Strike Nick Phipps steals 2nd base 0-1: Ball 1-1: Ball 2-1: Foul Ball, location: 2F 2-2: Ground out 6-3 (Groundball, 6, EV 90.0 MPH) Nick Phipps to third
|
Batting: LHB Antonio Gutierrez
|
0-0: Ball 1-0: Ground out 4-3 (Groundball, 4, EV 106.2 MPH)
|
Bottom of the 6th over - 0 runs, 0 hits, 0 errors, 1 left on base; Los Angeles (NYP) 7 - Minnesota (NYP) 4 |
TOP OF THE 7TH |
Los Angeles (NYP) Angels batting - Pitching for Minnesota (NYP) Twins : RHP Pat Adams
|
Pitching: LHP Bryan Rouse
|
|
Batting: RHB Edward Hillock
|
0-0: Ball 1-0: Ball 2-0: Foul Ball, location: 2F 2-1: Ball 3-1: Called Strike 3-2: Strikes out swinging
|
Batting: LHB Jonathon Walton
|
0-0: Called Strike 0-1: Foul Ball, location: 2F 0-2: Ball 1-2: Strikes out looking and he physically ARGUES THE CALL AND IS TOSSED!
|
Batting: LHB Jamie Diebel
|
0-0: Called Strike 0-1: Ball 1-1: Ball 2-1: Ball 3-1: Base on Balls
|
Batting: RHB Kinya Nishimura
|
0-0: Called Strike 0-1: Foul Ball, location: 2F 0-2: Foul Ball, location: 2F 0-2: Fly out, F8 (Flyball, 8LD, EV 103.8 MPH)
|
Top of the 7th over - 0 runs, 0 hits, 0 errors, 1 left on base; Los Angeles (NYP) 7 - Minnesota (NYP) 4 |
BOTTOM OF THE 7TH |
Minnesota (NYP) Twins batting - Pitching for Los Angeles (NYP) Angels : RHP Tim Mumpower
|
Pitching: RHP Carlos Olbera
|
|
Now at 1B: Matthew Bale
|
|
Batting: SHB Matt Urbani
|
0-0: Hit by Pitch
|
Batting: RHB Michael McDonald
|
0-0: Ball 1-0: Ball 2-0: Ball 3-0: Base on Balls Matt Urbani to second
|
Batting: LHB Kuemon Shishido
|
0-0: Called Strike 0-1: Ball 1-1: Ball 2-1: 3-RUN HOME RUN (Flyball, 7D, EV 109.4 MPH), Distance : 400 ft
|
Batting: LHB Jayden Thomas
|
0-0: Ball 1-0: Swinging Strike 1-1: SOLO HOME RUN (Flyball, 89XD, EV 108.1 MPH), Distance : 440 ft
|
Pitching: RHP Manuel Vega
|
|
Batting: RHB Israel Gaona
|
0-0: Swinging Strike 0-1: Ball 1-1: Swinging Strike 1-2: Foul Ball, location: 2F 1-2: Ball 2-2: Ball 3-2: Foul Ball, location: 2F 3-2: Foul Ball, location: 2F 3-2: Ground out 6-3 (Groundball, 6, EV 99.4 MPH)
|
Batting: SHB Manny Molina
|
0-0: Ball 1-0: Fly out, F9 (Flyball, 9S, EV 95.6 MPH)
|
Batting: RHB Nick Phipps
|
0-0: Ball 1-0: Ball 2-0: Ball 3-0: Base on Balls
|
Batting: RHB Ryan Starks
|
0-0: Ball Nick Phipps steals 2nd base 1-0: Called Strike 1-1: Ball 2-1: Foul Ball, location: 2F 2-2: Ball 3-2: Base on Balls
|
Pitching: RHP Adam Hefner
|
|
Batting: LHB Antonio Gutierrez
|
0-0: Ground out 4-3 (Groundball, 4, EV 88.8 MPH)
|
Bottom of the 7th over - 4 runs, 2 hits, 0 errors, 2 left on base; Los Angeles (NYP) 7 - Minnesota (NYP) 8 |
TOP OF THE 8TH |
Los Angeles (NYP) Angels batting - Pitching for Minnesota (NYP) Twins : LHP Bryan Rouse
|
Batting: RHB Wilford Harper
|
0-0: Foul Ball, location: 2F 0-1: Fly out, F7 (Flyball, 78M, EV 83.1 MPH)
|
Batting: RHB Dean LeCroy
|
0-0: Ball 1-0: Foul Ball, location: 2F 1-1: Called Strike 1-2: Ball 2-2: Ball 3-2: Strikes out swinging
|
Batting: RHB Jon Shonka
|
0-0: Ball 1-0: SINGLE (Line Drive, 89D, EV 101.9 MPH)
|
Batting: SHB Adrian Orosco
|
0-0: Called Strike 0-1: Ball 1-1: Ball 2-1: Foul Ball, location: 2F 2-2: Ball 3-2: Base on Balls Jon Shonka to second
|
Batting: RHB Ricky Mejicanos
|
0-0: Foul Ball, location: 2F 0-1: Ball 1-1: Foul Ball, location: 2F 1-2: Ball 2-2: SINGLE (Groundball, 4M, EV 98.8 MPH) Jon Shonka to third Adrian Orosco to second Runner from 3rd tries for Home, SAFE, throw by CF to home
|
Batting: RHB Edward Hillock
|
0-0: Ball 1-0: SINGLE (Groundball, 4M, EV 108.1 MPH) (infield hit) Adrian Orosco to third Ricky Mejicanos to second
|
Batting: LHB Matthew Bale
|
0-0: Fielders Choice at 2nd, 6-4 (Groundball, 6, EV 84.4 MPH)
|
Top of the 8th over - 1 run, 3 hits, 0 errors, 3 left on base; Los Angeles (NYP) 8 - Minnesota (NYP) 8 |
BOTTOM OF THE 8TH |
Minnesota (NYP) Twins batting - Pitching for Los Angeles (NYP) Angels : RHP Adam Hefner
|
Batting: SHB Matt Urbani
|
0-0: Ball 1-0: Called Strike 1-1: Foul Ball, location: 2F 1-2: Strikes out swinging
|
Batting: RHB Michael McDonald
|
0-0: Ball 1-0: Foul Ball, location: 2F 1-1: Ball 2-1: Swinging Strike 2-2: Ground out 6-3 (Groundball, 6, EV 80.0 MPH)
|
Batting: LHB Kuemon Shishido
|
0-0: Ball 1-0: Ball 2-0: Ball 3-0: Called Strike 3-1: Base on Balls
|
Batting: LHB Jayden Thomas
|
0-0: Ball 1-0: Ball 2-0: SINGLE (Groundball, 4D, EV 98.8 MPH) Kuemon Shishido to second
|
Pitching: RHP Victor Padilla
|
|
Pinch Runner at 2nd Andrew Rich:
|
|
Batting: RHB Israel Gaona
|
0-0: Ball 1-0: Called Strike 1-1: Ball 2-1: Ball 3-1: Swinging Strike 3-2: Base on Balls Andrew Rich to third Jayden Thomas to second
|
Batting: SHB Manny Molina
|
0-0: Ball 1-0: Foul Ball, location: 2F 1-1: Fielders Choice at 2nd, 6-4 (Groundball, 6, EV 96.2 MPH)
|
Bottom of the 8th over - 0 runs, 1 hit, 0 errors, 3 left on base; Los Angeles (NYP) 8 - Minnesota (NYP) 8 |
TOP OF THE 9TH |
Los Angeles (NYP) Angels batting - Pitching for Minnesota (NYP) Twins : LHP Bryan Rouse
|
Pitching: RHP Matt Lundy
|
|
Batting: LHB Jamie Diebel
|
0-0: Ground out 6-3 (Groundball, 4MS, EV 69.4 MPH)
|
Batting: RHB Kinya Nishimura
|
0-0: Ball 1-0: Foul Ball, location: 2F 1-1: Swinging Strike 1-2: Strikes out swinging, 2-3 out at first.
|
Batting: RHB Wilford Harper
|
0-0: Called Strike 0-1: Ball 1-1: Ball 2-1: Swinging Strike 2-2: Ball 3-2: Strikes out swinging
|
Top of the 9th over - 0 runs, 0 hits, 0 errors, 0 left on base; Los Angeles (NYP) 8 - Minnesota (NYP) 8 |
BOTTOM OF THE 9TH |
Minnesota (NYP) Twins batting - Pitching for Los Angeles (NYP) Angels : RHP Victor Padilla
|
Batting: RHB Nick Phipps
|
0-0: Foul Ball, location: 2F 0-1: Swinging Strike 0-2: Ball 1-2: Foul Ball, location: 2F 1-2: SOLO HOME RUN (Flyball, 7D, EV 102.5 MPH), Distance : 393 ft
|
Bottom of the 9th over - 1 run, 1 hit, 0 errors, 0 left on base; Los Angeles (NYP) 8 - Minnesota (NYP) 9 |
|